 Dungeon Crawl Stone Soup version 0.30.1-3-gfc49f6343a (webtiles) character file.

Game seed: 16667768657496527093

134208 spardeous the Geomancer (level 16, -29/126 (132) HPs)
             Began as a Demigod Earth Elementalist on July 19, 2023.
             Blown up by an orb spider (64 damage)
             ... with an orb of destruction
             ... on level 1 of the Spider Nest on July 20, 2023.
             The game lasted 01:43:46 (38720 turns).

spardeous the Geomancer (DgEE)                     Turns: 38720, Time: 01:43:47

HP:   -29/126 (132) AC: 29    Str: 24    XL:     16   Next: 12%
MP:   3/35          EV: 10    Int: 29    God:
Gold: 1792          SH: 13    Dex: 25    Spells: 22/35 levels left

rFire   + + +        g - staff of earth
rCold   + . .        C - +1 buckler {rC+}
rNeg    . . .        W - +13 chain mail of the Trombone {Will+}
rPois   .            Y - +2 helmet of Maoc {Fly Dex+5}
rElec   +            n - +1 cloak {rCorr}
rCorr   +            Z - +1 pair of gloves {Str+3}
SInv    .            Q - +0 pair of boots
Will    ++...        F - amulet of magic regeneration Stlth
                     a - ring of wizardry
HPRegen 0.41/turn    A - ring "Tedoa" {Drain rElec rF+++ Str+4 Dex+6}
MPRegen 0.64/turn

%: wizardry (x1)
@: corroded, flying, very slightly contaminated, lightly drained
A: high MP 1, forlorn, divine attributes, talons 1, iridescent scales 1, large
bone plates 1
a: no special abilities


You were on level 1 of the Spider Nest.
You visited 5 branches of the dungeon, and saw 24 of its levels.
You also visited: Ossuary, Bailey, Ice Cave and Volcano.

You collected 3039 gold pieces.
You spent 1247 gold pieces at shops.

Inventory:

Armour
 n - a +1 cloak of preservation (worn)
 C - a +1 buckler of cold resistance (worn)
 J - an orb of energy
 Q - a +0 pair of boots (worn)
 W - the +13 chain mail of the Trombone (worn) {Will+}
   (You found it in a bailey)

   Will:      It increases your willpower.
 Y - the +2 helmet of Maoc (worn) {Fly Dex+5}
   (You found it in a bailey)

   Dex:       It affects your dexterity (+5).
   Fly:       It grants you flight.
 Z - a +1 pair of gloves of strength (worn)
Magical Staves
 g - a staff of earth (weapon)
Jewellery
 a - a ring of wizardry (left hand)
 e - a ring of resist corrosion
 v - a ring of positive energy
 A - the ring "Tedoa" (right hand) {Drain rElec rF+++ Str+4 Dex+6}
   (You acquired it on level 15 of the Dungeon)

   [ring of dexterity]

   Str:       It affects your strength (+4).
   Dex:       It affects your dexterity (+6).
   rF:        It renders you almost immune to fire.
   rElec:     It insulates you from electricity.
   Drain:     It drains your maximum health when unequipped.
 B - an amulet of regeneration
 F - an amulet of magic regeneration (around neck)
 M - a ring of poison resistance
Wands
 u - a wand of digging (5)
 H - a wand of charming (17)
 K - a wand of flame (38)
 L - a wand of polymorph (7)
 N - a wand of acid (6)
 O - a wand of mindburst (15)
Scrolls
 f - 6 scrolls of magic mapping
 h - 3 scrolls of immolation
 i - a scroll of butterflies
 j - 11 scrolls of teleportation
 k - a scroll of fear
 l - 7 scrolls of blinking {unknown}
 m - 5 scrolls of vulnerability {unknown}
 p - 6 scrolls of fog
 q - 2 scrolls of torment {unknown}
 t - 2 scrolls of brand weapon {unknown}
 w - 6 scrolls of enchant weapon {unknown}
 x - 2 scrolls of silence
 y - a scroll of amnesia
 G - 6 scrolls of enchant armour {unknown}
 I - 3 scrolls of poison
 R - a scroll of identify
Potions
 b - a potion of ambrosia
 c - a potion of heal wounds
 d - a potion of flight
 o - 14 potions of curing
 r - 7 potions of cancellation
 s - 2 potions of berserk rage
 z - 7 potions of lignification
 D - 3 potions of might
 E - 3 potions of brilliance
 P - 3 potions of mutation
 S - a potion of invisibility
 T - 3 potions of haste
 U - 3 potions of magic
 X - 2 potions of resistance


   Skills:
 - Level 9.1 Fighting
 - Level 8.3 Staves
 - Level 11.0 Armour
 - Level 1.7 Dodging
 - Level 3.6 Stealth
 - Level 9.0 Shields
 - Level 10.1 Spellcasting
 - Level 6.4 Conjurations
 - Level 10.2 Transmutations
 + Level 13.0 Earth Magic
 - Level 6.5 Evocations


You had 22 spell levels left.
You knew the following spells:

 Your Spells              Type           Power      Damage    Failure   Level
a - Sandblast             Erth           100%       2d20      1%          1
b - Stone Arrow           Conj/Erth      100%       3d13      1%          3
c - Petrify               Tmut/Erth      89%        N/A       1%          4
d - Irradiate             Conj/Tmut      29%        3d21      6%          5

Your spell library contained the following spells:

 Spells                   Type           Power      Damage    Failure   Level
 Beastly Appendage        Tmut           100%       N/A       1%          1
 Passwall                 Tmut/Erth      74%        N/A       1%          2
 Searing Ray              Conj           100%       2d8       1%          2
 Wereblood                Tmut           65%        N/A       1%          2
 Momentum Strike          Conj/Tloc      66%        3d9       2%          2
 Spider Form              Tmut/Pois      44%        N/A       2%          3
 Animate Armour           Summ/Erth      100%       N/A       4%          4
 Ignite Poison            Fire/Tmut/Pois 34%        N/A       5%          3
 Hailstorm                Conj/Ice       33%        3d8       6%          3
 Apportation              Tloc           28%        N/A       7%          1
 Freeze                   Ice            56%        1d7       7%          1
 Ice Form                 Ice/Tmut       44%        N/A       9%          4
 Blink                    Tloc           28%        N/A       11%         2
 Ensorcelled Hibernation  Hex/Ice        28%        N/A       11%         2
 Lesser Beckoning         Tloc           28%        N/A       11%         2
 Sublimation of Blood     Necr           14%        N/A       11%         2
 Iskenderun's Mystic Bla  Conj/Tloc      33%        2d8       17%         4
 Sticky Flame             Conj/Fire      33%        2d5       17%         4
 Frozen Ramparts          Ice            28%        1d5       21%         3
 Inner Flame              Hex/Fire       14%        N/A       21%         3
 Ozocubu's Armour         Ice            14%        N/A       21%         3
 Swiftness                Air            14%        N/A       21%         3
 Alistair's Intoxication  Tmut/Pois      29%        N/A       24%         5
 Yara's Violent Unravell  Hex/Tmut       22%        3d10      24%         5
 Summon Ice Beast         Ice/Summ       14%        N/A       52%         4
 Conjure Ball Lightning   Conj/Air       16%        3x3d6     93%         6
 Simulacrum               Ice/Necr       7%         N/A       100%        6
 Enfeeble                 Hex            7%         N/A       100%        7
 Ozocubu's Refrigeration  Ice            7%         4d9       100%        7
 Spellforged Servitor     Conj/Summ      16%        N/A       100%        7
 Discord                  Hex            7%         N/A       100%        8
 Disjunction              Tloc           7%         N/A       100%        8
 Ignition                 Fire           7%         3d4       100%        8
 Lehudib's Crystal Spear  Conj/Erth      41%        10d10     100%        8


Dungeon Overview and Level Annotations

Branches:
Dungeon (15/15)            Temple (1/1) D:5            Lair (5/5) D:8
 Shoals (0/4) Lair:2       Spider (1/4) Lair:2        Slime (0/5) Lair:5
    Orc (2/2) D:12            Elf (0/3) Orc:2        Vaults (0/5) D:13
 Depths (0/4) D:15        Ossuary (visited)          Bailey (visited)
  IceCv (visited)         Volcano (visited)

Shops:
D:5 =   D:8 (   D:12 *   Orc:2 *([?


Innate Abilities, Weirdness & Mutations

You have an increased reservoir of magic. (+10% MP)
You shall have no god before yourself.
Your divine heritage dramatically boosts your attributes as you level up.
You have sharp toenails.
You are partially covered in iridescent scales. (AC +2)
You are partially covered in large bone plates. (SH +4)


Message History

The orb spider is moderately wounded.
You feel sick.
The orb spider weaves a glowing orb of energy.
An orb of destruction comes into view.
Casting: Stone Arrow (safe; 1% risk of failure)
Confirm with . or Enter, or press ? or * to list all spells.
You don't have enough magic to cast this spell.
Unknown command.
Casting: Stone Arrow (safe; 1% risk of failure)
Confirm with . or Enter, or press ? or * to list all spells.
Aiming: Sandblast (safe; 1% risk of failure)
Press: ? - help, Shift-Dir - straight line, f/p - orb spider
Aim: an orb spider (moderately wounded, 85% to hit)
You feel a surge of power!
The blast of sand hits the orb spider!!
The orb spider is almost dead.
You feel sick.
The orb spider pulsates with a strange energy.
You feel much better.
You feel sick. The orb of destruction hits you!!!
* * * LOW HITPOINT WARNING * * *
Casting: Sandblast (safe; 1% risk of failure)
Confirm with . or Enter, or press ? or * to list all spells.
You don't have enough magic to cast this spell.
Casting: Sandblast (safe; 1% risk of failure)
Confirm with . or Enter, or press ? or * to list all spells.
Aiming: Sandblast (safe; 1% risk of failure)
Press: ? - help, Shift-Dir - straight line, f/p - orb spider
Aim: an orb spider (almost dead, fully charged, 85% to hit)
You feel a surge of power!
The blast of sand hits the orb spider!
The orb spider is almost dead.
You feel sick.
The orb spider weaves a glowing orb of energy.
An orb of destruction comes into view.
You feel sick.
The orb spider begins to weave its threads into a brightly glowing ball.
Okay, then.
You feel much better.
You feel sick.
You are no longer poisoned.
The orb of destruction hits you!!!
Ouch! That really hurt!
You die...

####..## #.# #.
#...## #.# .B#
#..## #^# ..
###..#
##.##.#^#
#.#.#..#
####...B...#.
#.....##
###......s^...#
##.##.^##
#.ss###.#....#B
.. ##..#
###○### #.#
.##.s ##
#..###@○†# #..
# #......###
##.. #.#.^###
#.. #...## #..
#...## #.. # .
#.... ... #X
#..###
.....###...
.##.#...#..


You could see a wolf spider and an orb spider (charged).

Vanquished Creatures
  Mlioglotl (Spider:1)
  Donald (Spider:1)
  Kirke (D:15)
  A very ugly thing (D:15)
  Azrael (D:15)
  2 dire elephants
  A fire dragon (Lair:5)
  Josephine (D:15)
  An entropy weaver (Spider:1)
  The ghost of Juzi the Cleaver, a journeyman MiFi of Ru (Orc:1)
  A great orb of eyes (D:15)
  9 hydras
  A vault guard (D:13)
  The ghost of turdburglar the Thaumaturge, a journeyman DrEE of Sif Muna (D:11)
  6 centaur warriors
  2 catoblepae
  2 rakshasas (D:15)
  A dancing weapon (Volcano)
  2 radroaches (Spider:1)
  4 boulder beetles
  2 two-headed ogres
  5 orc high priests (Orc:2)
  A tengu warrior (D:15)
  Nergalle (Lair:2)
  2 soul eaters (D:12)
  A deep elf knight (Lair:2)
  A sun demon (D:12)
  Amaemon (D:8)
  3 pharaoh ants
  A skyshark (Lair:5)
  A sun moth (Spider:1)
  3 skeletal warriors
  2 orb spiders (Spider:1)
  A swamp dragon (Lair:5)
  A deep elf archer (Spider:1)
  A lindwurm (Lair:2)
  6 orc knights
  7 wizards
  Pikel (D:7)
  3 deep elf pyromancers
  6 ugly things
  2 necromancers
  An oklob plant (Lair:5)
  4 wolf spiders (Spider:1)
  3 manticores
  6 orc sorcerers (Orc:2)
  A cyclops (D:14)
  5 toenail golems (Volcano)
  Joseph (D:10)
  An ice statue (IceCv)
  A guardian serpent (shapeshifter) (D:15)
  4 merfolk sirens (Lair:2)
  A torpor snail (Lair:2)
  12 elephants (Lair:5)
  2 demonic crawlers
  A smoke demon (D:12)
  An orange demon (D:8)
  2 gargoyles
  2 black mambas
  Maggie (D:6)
  8 cane toads
  An unseen horror (D:11)
  12 komodo dragons
  3 rime drakes
  2 freezing wraiths
  14 ice devils (IceCv)
  2 tengu conjurers
  An anaconda simulacrum (IceCv)
  6 trolls
  11 polar bears
  Prince Ribbit (D:8)
  2 hornets (D:9)
  18 blink frogs
  10 tarantellas
  2 raiju (Lair:5)
  18 dream sheep
  7 jumping spiders
  Sigmund (D:2)
  15 slime creatures
  13 culicivoras
  2 shadows
  A vampire (Bailey)
  2 wyverns
  A centaur simulacrum (D:11)
  54 yaks
  7 wraiths
  3 dire elephant simulacra (IceCv)
  2 fire elementals (D:15)
  20 humans (D:13)
  5 basilisks
  A basilisk (shapeshifter) (D:13)
  2 steam dragons (Lair:5)
  9 redbacks
  3 vampire mosquitoes (D:10)
  Grum (D:8)
  A chaos spawn (D:12)
  Edmund (D:6)
  6 wargs
  3 death yak simulacra (IceCv)
  2 harpy simulacra (IceCv)
  14 water moccasins
  3 acid dragons
  18 hell hounds
  14 black bears
  28 orc warriors
  3 ice beasts
  A sky beast (D:4)
  16 ogres
  3 lemures (D:7)
  2 phantoms (D:6)
  29 wolves
  12 centaurs
  4 kobold brigands
  14 bullfrogs
  2 gnoll sergeants
  14 scorpions
  A cane toad simulacrum (IceCv)
  2 elf skeletons (D:4)
  11 wights
  9 killer bees
  6 elephant simulacra
  A howler monkey (D:12)
  5 vampire bats (Bailey)
  3 electric eels
  7 wolf zombies (Bailey)
  22 orc priests
  2 centaur zombies (Ossuary)
  A quasit (D:12)
  A hound (D:5)
  2 gnoll boudas
  5 jellies
  2 human skeletons (D:4)
  4 scorpion zombies (Ossuary)
  2 sleepcaps (D:6)
  7 iguanas
  20 orc wizards
  2 troll simulacra (IceCv)
  6 wolf simulacra
  10 polar bear simulacra
  3 spriggan simulacra (IceCv)
  3 mummies (Ossuary)
  13 gnolls
  6 adders
  3 white imps
  4 ufetubi (D:6)
  4 worms
  2 dart slugs
  100 orcs
  15 endoplasms
  7 giant cockroaches
  3 gnoll zombies (Ossuary)
  9 goblins
  11 hobgoblins
  13 jackals
  4 quokkas
  9 ball pythons
  2 bats
  3 frilled lizards
  6 goblin zombies (Ossuary)
  2 hobgoblin zombies (Ossuary)
  31 kobolds
  3 kobold zombies (Ossuary)
  2 orc skeletons (D:4)
  29 orc zombies
  4 rats
1013 creatures vanquished.

Vanquished Creatures (others)
  An ugly thing (IceCv)
  2 humans (D:15)
  2 orc priests (Orc:2)
  3 orc wizards (Orc:2)
  2 orcs (Orc:2)
10 creatures vanquished.

Grand Total: 1023 creatures vanquished

Notes
Turn   | Place    | Note
-------+----------+-------------------------------------------
     0 | D:1      | spardeous the Demigod Earth Elementalist began the quest
                  | for the Orb.
     0 | D:1      | Reached XP level 1. HP: 14/14 MP: 5/5
   119 | D:1      | Reached skill level 3 in Earth Magic
   299 | D:1      | Reached XP level 2. HP: 20/20 MP: 4/7
   767 | D:2      | Reached XP level 3. HP: 25/26 MP: 1/8
   851 | D:2      | Reached skill level 4 in Earth Magic
   962 | D:2      | Learned a level 3 spell: Stone Arrow
  1002 | D:2      | Identified the +4 flail of Duty {speed, rF+ Str+4 Dex-3}
  1192 | D:2      | Noticed Sigmund
  1196 | D:2      | Killed Sigmund
  1197 | D:2      | Reached skill level 5 in Earth Magic
  1197 | D:2      | Reached XP level 4. HP: 33/33 MP: 5/9
  1197 | D:2      | Reached XP level 5. HP: 38/38 MP: 5/10
  1579 | D:3      | Reached skill level 6 in Earth Magic
  2034 | D:3      | Reached XP level 6. HP: 45/45 MP: 9/11
  2484 | D:4      | Reached skill level 7 in Earth Magic
  2610 | D:4      | Found a sand-covered staircase.
  2676 | Ossuary  | Entered an ossuary
  2688 | Ossuary  | Reached XP level 7. HP: 50/50 MP: 9/12
  2760 | Ossuary  | Reached skill level 8 in Earth Magic
  2920 | Ossuary  | Reached skill level 9 in Earth Magic
  3123 | Ossuary  | Reached XP level 8. HP: 57/57 MP: 10/13
  3293 | Ossuary  | Reached skill level 10 in Earth Magic
  3297 | Ossuary  | Reached skill level 1 in Conjurations
  4384 | D:5      | Entered Level 5 of the Dungeon
  4494 | D:5      | Reached skill level 1 in Shields
  4640 | D:5      | Found Dahitout's Jewellery Shop.
  4901 | D:5      | Found a staircase to the Ecumenical Temple.
  5425 | Temple   | Entered the Ecumenical Temple
  5687 | D:6      | Noticed Maggie
  5705 | D:6      | Killed Maggie
  5706 | D:6      | Reached XP level 9. HP: 41/62 MP: 0/14
  5925 | D:6      | Reached skill level 5 in Shields
  6385 | D:6      | Got Tag Orph's Papyrus of Arcane Combat
  6419 | D:6      | Noticed Edmund
  6424 | D:6      | Killed Edmund
  7222 | D:7      | Reached skill level 1 in Armour
  7559 | D:7      | Noticed a two-headed ogre
  7575 | D:7      | Killed a two-headed ogre
  7576 | D:7      | Reached skill level 5 in Armour
  7576 | D:7      | Reached XP level 10. HP: 51/69 MP: 1/15
  7974 | D:8      | Noticed Pikel
  8008 | D:8      | Noticed Grum
  8280 | D:7      | Killed Pikel
  8339 | D:8      | Killed Grum
  8690 | D:8      | Found Roex's Weapon Boutique.
  8793 | D:8      | Noticed Prince Ribbit
  8873 | D:8      | Killed Prince Ribbit
  9073 | D:8      | Noticed Amaemon
  9105 | D:8      | Killed Amaemon
  9744 | D:8      | Reached skill level 5 in Spellcasting
 10111 | D:8      | Found a staircase to the Lair.
 10266 | D:9      | Learned a level 4 spell: Petrify
 10355 | D:9      | Reached XP level 11. HP: 72/74 MP: 7/24
 10373 | D:9      | Noticed a five-headed hydra
 10397 | D:9      | Killed a five-headed hydra
 10492 | D:9      | Found a flagged portal.
 10638 | Bailey   | Entered a bailey
 11062 | Bailey   | Reached skill level 1 in Fighting
 11170 | Bailey   | Identified the +13 chain mail of the Trombone {Will+}
 11173 | Bailey   | Identified the +0 scale mail "Yqol" {Harm MP+9 Dex+6}
 11219 | Bailey   | Identified the +2 helmet of Maoc {Fly Dex+5}
 11740 | D:10     | Entered Level 10 of the Dungeon
 11821 | D:10     | Noticed Joseph
 11842 | D:10     | Killed Joseph
 13169 | D:10     | Reached skill level 5 in Conjurations
 13890 | D:11     | Noticed a boulder beetle
 13900 | D:11     | Killed a boulder beetle
 13993 | D:11     | Found a transporter.
 13997 | D:11     | Noticed turdburglar's ghost (journeyman DrEE)
 13997 | D:11     | Noticed a two-headed ogre
 14049 | D:11     | Noticed a centaur warrior
 14173 | D:11     | Found a transporter.
 14586 | Lair:1   | Entered Level 1 of the Lair of Beasts
 14857 | Lair:1   | Noticed a catoblepas
 14890 | Lair:1   | Killed a catoblepas
 14891 | Lair:1   | Reached XP level 12. HP: 92/92 MP: 2/27
 15250 | Lair:1   | Reached skill level 1 in Transmutations
 15764 | Lair:2   | Noticed Nergalle
 15782 | Lair:2   | Killed Nergalle
 15783 | Lair:2   | Reached skill level 5 in Transmutations
 15856 | Lair:2   | Noticed a seven-headed hydra
 15889 | Lair:2   | Killed a seven-headed hydra
 15918 | Lair:2   | Found a hole to the Spider Nest.
 15991 | Lair:2   | Reached skill level 5 in Fighting
 16070 | Lair:2   | Found a dark tunnel.
 16100 | Volcano  | Entered a volcano
 17100 | Lair:2   | Found a staircase to the Shoals.
 17104 | Lair:2   | Reached XP level 13. HP: 107/107 MP: 19/29
 18367 | Lair:3   | Gained mutation: Your body sometimes deteriorates upon
                  | taking damage. [potion of mutation]
 18367 | Lair:3   | Gained mutation: You have a pair of small horns on your
                  | head. [potion of mutation]
 18367 | Lair:3   | Gained mutation: You have sharp toenails. [potion of
                  | mutation]
 18368 | Lair:3   | Lost mutation: You have a pair of small horns on your head.
                  | [potion of mutation]
 18368 | Lair:3   | Lost mutation: Your body sometimes deteriorates upon taking
                  | damage. [potion of mutation]
 18368 | Lair:3   | Gained mutation: You are partially covered in large bone
                  | plates. (SH +4) [potion of mutation]
 18368 | Lair:3   | Gained mutation: You are partially covered in iridescent
                  | scales. (AC +2) [potion of mutation]
 18496 | Lair:4   | Reached skill level 10 in Armour
 18609 | Lair:4   | Found a frozen archway.
 18626 | IceCv    | Entered an ice cave
 21662 | Lair:4   | Reached skill level 1 in Evocations
 21998 | Lair:4   | Reached skill level 1 in Staves
 22595 | Lair:5   | Entered Level 5 of the Lair of Beasts
 23493 | Lair:5   | Reached XP level 14. HP: 118/118 MP: 29/31
 23614 | Lair:5   | Reached skill level 5 in Evocations
 24175 | Lair:5   | Reached skill level 5 in Staves
 25188 | Lair:5   | Found a staircase to the Slime Pits.
 27334 | D:12     | Found a staircase to the Orcish Mines.
 27394 | D:11     | Reached skill level 10 in Spellcasting
 27479 | D:11     | Killed turdburglar's ghost
 28824 | D:12     | Found Suwunn's Gadget Gallery.
 30168 | D:13     | Found a gate to the Vaults.
 30359 | D:13     | Reached XP level 15. HP: 115/124 MP: 24/34
 30599 | D:13     | Learned a level 5 spell: Irradiate
 32071 | D:15     | Entered Level 15 of the Dungeon
 32443 | D:15     | Identified the +2 robe "Nepeec" {Rampage rPois rCorr}
 32780 | D:15     | Identified a scroll of acquirement
 32781 | D:15     | Acquired the ring "Tedoa" {Drain rElec rF+++ Str+4 Dex+6}
 32915 | D:15     | Noticed Kirke
 32928 | D:15     | Killed Kirke
 32969 | D:15     | Noticed Azrael
 32987 | D:15     | Killed Azrael
 32988 | D:15     | Reached skill level 10 in Transmutations
 33482 | D:15     | Paralysed by a great orb of eyes for 2 turns
 33550 | D:15     | Found a staircase to the Depths.
 33619 | D:15     | Noticed Josephine
 33624 | D:15     | Killed Josephine
 33763 | Orc:1    | Entered Level 1 of the Orcish Mines
 34034 | Orc:1    | Found a runed translucent door.
 34035 | Orc:1    | Noticed Juzi's ghost (journeyman MiFi)
 34432 | Orc:1    | Killed Juzi's ghost
 34564 | Orc:2    | Entered Level 2 of the Orcish Mines
 34564 | Orc:2    | Found a staircase to the Elven Halls.
 35767 | Orc:2    | Paralysed by an orc sorcerer for 3 turns
 36126 | Orc:2    | Found Lowabrot's Assorted Antiques.
 36126 | Orc:2    | Found Xaof's Magic Scroll Shoppe.
 36161 | Orc:2    | Found Udorph's Antique Weapon Shop.
 36161 | Orc:2    | Found Ydyaf's Antique Armour Shoppe.
 36275 | Orc:2    | Bought a scroll of acquirement for 572 gold pieces
 36275 | Orc:2    | Bought a scroll of fog for 44 gold pieces
 36275 | Orc:2    | Bought a scroll of immolation for 44 gold pieces
 36275 | Orc:2    | Acquired a book of Misfortune
 36281 | Orc:2    | Bought a scroll of identify for 22 gold pieces
 36284 | Orc:2    | Bought a twisted robe for 159 gold pieces
 36284 | Orc:2    | Identified the +0 robe of Saexienk {rElec Regen+ Int-2
                  | Dex+3} (You bought it in a shop on level 2 of the Orcish
                  | Mines)
 36284 | Orc:2    | Bought a pearl-encrusted leather armour for 196 gold pieces
 36284 | Orc:2    | Identified the +2 leather armour "Edghir" {Int+2 Dex+4
                  | Slay+3} (You bought it in a shop on level 2 of the Orcish
                  | Mines)
 36290 | Orc:2    | Bought an embroidered cloak for 210 gold pieces
 36622 | Spider:1 | Entered Level 1 of the Spider Nest
 36642 | Spider:1 | Reached skill level 11 in Earth Magic
 37567 | Spider:1 | Reached skill level 12 in Earth Magic
 37712 | Spider:1 | Noticed Mlioglotl
 38146 | Spider:1 | Reached XP level 16. HP: 106/132 MP: 22/35
 38363 | Spider:1 | Killed Mlioglotl
 38466 | Spider:1 | Noticed Donald
 38478 | Spider:1 | Killed Donald
 38714 | Spider:1 | Reached skill level 13 in Earth Magic
 38720 | Spider:1 | Blown up by an orb spider

Illustrated notes

Levels and vault maps discovered:
D:1:      scummos_arrival_simple_fountains, layout_basic,
          ebering_ecumenical_altar_ruins
D:2:      layout_basic, basic_altar, minmay_split_cup_large, uniq_sigmund
D:3:      cheibrodos_fertilizer, layout_basic
D:4:      layout_gridville, grunt_temple_overflow_open,
          nicolae_ossuary_entry_catacombs
D:5:      layout_loops_corners, minmay_temple_entry_arrows, serial_shops,
          nicolae_shop_gaudy_bauble, minivault_5
D:6:      kennysheep_six_static_rooms, layout_layer_cave, uniq_maggie,
          uniq_edmund
D:7:      layout_cave_pools
D:8:      layout_rooms, erik_lair_dragon, serial_shops, shop,
          kb_lookout_dungeons_type, uniq_prince_ribbit1, uniq_pikel, uniq_grum,
          uniq_amaemon
D:9:      layout_long_grid, zin_treasury, enter_bailey_5,
          hellmonk_bongcloud_opening
D:10:     layout_grid_maze, serial_rivers, chequers_serial_rivers_large_a,
          chequers_serial_rivers_small_3, chequers_serial_rivers_room_b,
          chequers_serial_rivers_micro_e, uniq_joseph
D:11:     layout_rooms, nzn_ghost_randoct, minmay_crystal_room
D:12:     layout_loops_ring, orc_0_dummy, serial_demonic, serial_demonic_f,
          serial_demonic_d, serial_demonic_f, serial_demonic_e,
          nicolae_shop_gadgets
D:13:     layout_loops_ring, grunt_vaults_entry_tiered
D:14:     layout_cave_pools, kiku_gazebo_garden_becter
D:15:     gammafunk_enter_depths_forms, layout_basic, dk_noncrumbling_3,
          hex_large, uniq_kirke, uniq_azrael, uniq_josephine
Temple:   nicolae_temple_two_arcs
Lair:1:   layout_chaotic_city, st_stairs_10
Lair:2:   layout_regular_city, elwin_shoals_entry_stream,
          nicolae_spider_entry_lesser_pyramids, nicolae_volcano_entry_vermiform,
          serial_bayou_shore_a, uniq_nergalle
Lair:3:   layout_gridlike, nicolae_lair_grove_arrangements, serial_bayou_lake_a
Lair:4:   layout_layer_cave, portal_ice_cave_entry_ice_simulacra
Lair:5:   hangedman_lair_caniforms_friends, layout_loops_ring,
          guppyfry_lair_end_dragon, dpeg_slime_entry_enclosed
Spider:1: cheibrodos_spider_silkery, beargit_elvish_explorers, uniq_donald,
          uniq_frances, uniq_mlioglotl
Orc:1:    layout_caves, gammafunk_ghost_grave
Orc:2:    grunt_orc_tribal_feast, layout_caves, minmay_orc_temple_c

Skill      XL: |  1  2  3  4  5  6  7  8  9 10 11 12 13 14 15 16 |
---------------+-------------------------------------------------+-----
Earth Magic    | 3 5 6 7 9 10 12 13 | 13.0
Conjurations   | 4 6 |  6.4
Shields        | 4 7 9 |  9.0
Armour         | 5 6 9 10 11 | 11.0
Spellcasting   | 6 7 8 9 10 | 10.1
Fighting       | 4 7 9 |  9.1
Transmutations | 6 8 10 | 10.2
Stealth        | 3 |  3.6
Evocations     | 4 6 |  6.5
Staves         | 3 6 8 |  8.3
Dodging        | |  1.7

Action                     |  1- 3 |  4- 6 |  7- 9 | 10-12 | 13-15 | 16-18 || total
---------------------------+-------+-------+-------+-------+-------+-------++-------
  Melee: Staff             |    11 |     1 |    32 |   333 |  1286 |    41 ||  1704
   Cast: Sandblast         |    60 |    75 |   242 |   332 |   582 |     2 ||  1293
         Stone Arrow       |       |       |    12 |   209 |   758 |    52 ||  1031
         Petrify           |       |       |       |     1 |    29 |     4 ||    34
         Irradiate         |       |       |       |       |    24 |     4 ||    28
  Evoke: Wand              |       |       |       |     6 |    19 |       ||    25
    Use: Potion            |       |       |     1 |     2 |    10 |     3 ||    16
         Scroll            |       |       |       |       |    32 |       ||    32
   Stab: Petrified         |       |       |       |       |    43 |    17 ||    60
         Petrifying        |       |       |       |       |     5 |     4 ||     9
 Armour: Robe              |     8 |       |       |       |       |       ||     8
         Leather armour    |       |     6 |    14 |       |       |       ||    20
         Swamp dragon scal |       |       |    41 |    84 |       |       ||   125
         Chain mail        |       |       |       |   331 |  2004 |    39 ||  2374
  Dodge: Dodged            |    27 |     5 |    77 |   232 |   939 |    16 ||  1296
  Block: Buckler           |       |       |    37 |   248 |  1754 |    26 ||  2065
